 Dungeon Crawl Stone Soup version 0.27-a0-1188-g73eefd5def (webtiles) character file.

Game seed: 11988651313012563513

40 Leibowitz the Slasher (level 3, 29/29 HPs)
             Began as a Demigod Gladiator on May 22, 2021.
             Quit the game on level 2 of the Dungeon.
             The game lasted 00:02:58 (1398 turns).

Leibowitz the Slasher (Demigod Gladiator)           Turns: 1398, Time: 00:02:59

Health: 29/29      AC:  4    Str: 19    XL:     3   Next: 14%
Magic:  5/5        EV: 12    Int: 10    God:
Gold:   50         SH:  0    Dex: 15    Spells: 2/2 levels left

rFire    . . .     SeeInvis .   a - +0 long sword
rCold    . . .     Faith    .   (no shield)
rNeg     . . .     Spirit   .   b - +0 leather armour
rPois    .         Reflect  .   c - +0 helmet
rElec    .         Harm     .   (no cloak)
rCorr    .         Rampage  .   (no gloves)
Will     .....                  (no boots)
Stlth    +.........             (no amulet)
HPRegen  0.09/turn              (no ring)
MPRegen  0.09/turn              (no ring)

@: no status effects
A: high mp 1, forlorn
a: no special abilities


You were on level 2 of the Dungeon.
You visited 1 branch of the dungeon, and saw 2 of its levels.

You collected 50 gold pieces.

Inventory:

Hand Weapons
 a - a +0 long sword (weapon)
Missiles
 d - 3 throwing nets (quivered)
Armour
 b - a +0 leather armour (worn)
 c - a +0 helmet (worn)
Scrolls
 f - a scroll of blinking {unknown}
Potions
 e - a potion of brilliance {unknown}
 g - a potion of haste {unknown}


   Skills:
 * Level 2.1 Fighting
 * Level 3.3 Long Blades
 - Level 1.7 Throwing
 * Level 0.6 Armour
 * Level 3.1 Dodging


You had 2 spell levels left.
You didn't know any spells.
Your spell library was empty.

Dungeon Overview and Level Annotations

Branches:
Dungeon (2/15)


Innate Abilities, Weirdness & Mutations

Your attributes grow dramatically as you level up.
You have an increased reservoir of magic. (+10% MP)
You shall have no god before yourself.


Message History

The kobold shouts!
A goblin comes into view. It is wielding a +0 dagger.
The kobold hits you but does no damage.
You closely miss the kobold.
The goblin shouts!
The kobold hits you with a +0 short sword.
The kobold barely misses you.
You slash the kobold!
You kill the kobold!
The goblin hits you with a +0 dagger.
You slash the goblin!
You kill the goblin!
Things that are here:
a +0 dagger; a goblin corpse
Things that are here:
a +0 short sword; a kobold corpse
There is an open door here.
You now have 50 gold pieces (gained 13).
A ball python comes into view.
The ball python hisses angrily.
You completely miss the ball python. The ball python bites you.
The ball python grabs you. The ball python constricts you.
You barely miss the ball python.
The ball python bites you but does no damage.
The ball python constricts you.
The ball python bites you but does no damage.
The ball python constricts you.
You hit the ball python.
You kill the ball python!
You see here a ball python corpse.
Partly explored, can't reach some items.
Partly explored, can't reach some items.
You see here a +0 dagger.
There is an open door here.
There is a stone staircase leading down here.
You climb downwards.
There is a stone staircase leading up here.
Welcome back, Leibowitz the Demigod Gladiator.
Press ? for a list of commands and other information.
Are you sure you want to abandon this character and quit the game? (Confirm with "yes".)

....#.. ....#..
....... #### #
.......##...#..
.............
#...........
#..........
#..@.......
#..........
#...#...#..
#...##### #####


There were no monsters in sight!

Vanquished Creatures
  A dart slug (D:1)
  A bat (D:1)
  An endoplasm (D:1)
  A giant cockroach (D:1)
  4 hobgoblins (D:1)
  6 jackals (D:1)
  A quokka (D:1)
  6 ball pythons (D:1)
  3 frilled lizards (D:1)
  4 goblins (D:1)
  6 kobolds (D:1)
  A rat (D:1)
35 creatures vanquished.

Notes
Turn   | Place    | Note
-------+----------+-------------------------------------------
     0 | D:1      | Leibowitz the Demigod Gladiator began the quest for the
                  | Orb.
     0 | D:1      | Reached XP level 1. HP: 17/17 MP: 3/3
   309 | D:1      | Reached XP level 2. HP: 9/24 MP: 4/4
  1049 | D:1      | Reached XP level 3. HP: 27/29 MP: 5/5
  1398 | D:2      | Quit the game

Illustrated notes

Levels and vault maps discovered:
D:1:      grunt_arrival_lava_bath, layout_basic, st_stairs_9,
          minmay_misc_feat_columns
D:2:      layout_rooms, shapermc_ecumenical_altar_mp_vishouse,
          minmay_tiny_reverse_x, uniq_natasha

Skill      XL: |  1  2 |
---------------+-------+-----
Long Blades    | 3 |  3.3
Dodging        | 3 |  3.1
Fighting       | 2 |  2.1
Throwing       | |  1.7
Armour         | |  0.6

Action                   || total
-------------------------++-------
Melee: Long sword        ||    90
Armor: Leather armour    ||    37
Dodge: Dodged            ||    81
       Rpst.: Long sword ||    25

Table legend: (Time is in decaauts)
 A = Elapsed time spent in this place.
 B = Non-inter-level travel time spent in this place.
 C = Inter-level travel time spent in this place.
 D = Time resting spent in this place.
 E = Time spent auto-exploring this place.
 F = Levels seen in this place.
 G = Mean time per level.
                   A        B        C        D        E       F      G
               +--------+--------+--------+--------+--------+-----+--------+
         Total |   1420 |   1377 |     43 |    251 |    918 |   2 |  710.0 |
       Dungeon |   1420 |   1377 |     43 |    251 |    918 |   2 |  710.0 |
               +--------+--------+--------+--------+--------+-----+--------+

Top non-repeatable levels by time:
     D:1: 1419 daAuts
     D:2: 0 daAuts
